 Dungeon Sprint DCSS version 0.21.1-1-g345015f (webtiles) character file.

2072 Fang the Fighter (level 9, 0/95 HPs)
             Began as a Minotaur Berserker on May 24, 2018.
             Was an Elder of Trog.
             Slain by a troll (12 damage)
             ... in the Dungeon (Sprint V: "Ziggurat Sprint").
             The game lasted 00:01:56 (271 turns).

Fang the Fighter (Minotaur Berserker)                Turns: 271, Time: 00:01:56

Health: 0/95       AC: 13    Str: 31    XL:     9   Next: 5%
Magic:  8/8        EV: 12    Int:  8    God:    Trog [****..]
Gold:   0          SH:  0    Dex: 13    Spells: 8/8 levels left

rFire    . . .     SeeInvis .   A - +3 broad axe of Moderation {flame, Int+4 Dex+3}
rCold    . . .     Gourm    .   (no shield)
rNeg     . . .     Faith    .   a - +2 chain mail {MR+}
rPois    .         Spirit   .   (helmet restricted)
rElec    .         Reflect  .   (no cloak)
rCorr    .         Harm     .   (no gloves)
MR       +....     NoTele   +   (no boots)
Stlth    ..........             (no amulet)
HPRegen  0.25/turn              G - ring of flight
MPRegen  0.11/turn              F - +6 ring of strength

@: berserk cooldown, slowed, very slow
A: retaliatory headbutt, horns 2
a: Berserk, Trog's Hand, Brothers in Arms, Burn Spellbooks, Renounce Religion,
Evoke Flight


You were in the Dungeon.
You worshipped Trog.
Trog was greatly pleased with you.
You were not hungry.

You visited 1 branch

Inventory:

Hand Weapons
 l - a +5 demon trident
 A - the +3 broad axe of Moderation (weapon) {flame, Int+4 Dex+3}
   (You took it off a spriggan in the Dungeon)

   It has been specially enchanted to burn those struck by it, causing extra
   injury to most foes and up to half again as much damage against particularly
   susceptible opponents.
   Big, fiery blades are also staple armaments of hydra-hunters.
   It affects your intelligence (+4).
   It affects your dexterity (+3).
Armour
 a - a +2 chain mail of magic resistance (worn)
 j - +5 shadow dragon scales
Jewellery
 B - a +6 ring of dexterity
 F - a +6 ring of strength (right hand)
 G - a ring of flight (left hand)
Wands
 x - a wand of disintegration (7)
 y - a wand of iceblast (7)
 z - a wand of acid (7)
Scrolls
 i - 4 scrolls of blinking
 m - 7 scrolls of fog
 n - a scroll of holy word
 o - 5 scrolls of identify
 p - 4 scrolls of remove curse
 q - 2 scrolls of fear
Potions
 d - 10 potions of curing
 e - 10 potions of heal wounds
 f - 6 potions of haste
 g - 7 potions of magic
 h - 3 potions of berserk rage
 r - 2 potions of brilliance
 s - 2 potions of invisibility
 t - 4 potions of resistance
 u - a potion of experience
 v - 5 potions of agility
 w - 6 potions of might
Comestibles
 b - 2 chunks of flesh
 c - 7 rations


   Skills:
 + Level 14.1 Fighting
 + Level 13.2(14.2) Axes
 + Level 9.3(12.4) Polearms
 + Level 10.1 Armour
 + Level 6.4 Dodging


You had 8 spell levels left.
You didn't know any spells.

Dungeon Overview and Level Annotations

Branches:
Dungeon (1/1)

Altars:
Ashenzari
Cheibriados
Dithmenos
Elyvilon
Fedhas
Gozag
Hepliaklqana
Kikubaaqudgha
Makhleb
Nemelex Xobeh
Okawaru
Qazlal
Ru
Sif Muna
Trog
Uskayaw
Vehumet
Wu Jian
Xom
Yredelemnul
Zin
The Shining One
Beogh
Jiyva
Lugonu

Annotations:
D 1 transporter


Innate Abilities, Weirdness & Mutations

You reflexively headbutt those who attack you in melee.
You have a pair of horns on your head.


Message History

You open the cyclops like a pillowcase!!!
You burn the cyclops!
You kill the cyclops!
Trog accepts your kill.
You can now call in reinforcements.
Your Fighting skill increases to level 14!
Your base Axes skill increases to level 13!
Your base Polearms skill increases to level 9!
Your Armour skill increases to level 10!
You have reached level 9!
Your experience leads to an increase in your attributes!
Your base attributes are Str 24, Int 4, Dex 10.
Increase (S)trength, (I)ntelligence, or (D)exterity?
You feel stronger. The troll bites you.
* * * LOW HITPOINT WARNING * * *
The troll completely misses you. The troll claws you but does no damage.
Your chain mail prevents you from hitting the troll.
The troll is heavily wounded.
The troll bites you!
You die...

▓▓▓▓▓▓▓▓▓▓▓▓▓▓▓▓▓▓▓
▓.8©8.▓.8©8.▓.8©8.▓
▓.):=.▓..)).▓.....▓
▓..T@.▓.....▓.....▓
▓..)(.▓.....▓.....▓
▓.....▓.....▓.....▓
▓..(..▓..)..▓..©..▓
▓..©..▓..©..▓▓▓▓▓▓▓
▓▓▓▓▓▓▓▓▓▓▓▓▓


You could see a troll.

Vanquished Creatures
  A two-headed ogre (D)
  A cyclops (D)
  2 toenail golems (D)
  A spriggan (D)
  A black bear (D)
  A wolf (D)
  An ogre (D)
8 creatures vanquished.

Notes
Turn   | Place    | Note
-------+----------+-------------------------------------------
     0 | D        | Found the +6 Majin-Bo {vamp, Archmagi MP+6 Int+6}
     0 | D        | Found the +7 great mace "Firestarter" {inner flame, rF++}
     0 | D        | Fang the Minotaur Berserker began the quest for the Orb.
     0 | D        | Reached XP level 1. HP: 19/19 MP: 0/0
     3 | D        | Found a blossoming altar of Fedhas.
     4 | D        | Found a viscous altar of Jiyva.
     4 | D        | Found a hazy altar of Hepliaklqana.
     4 | D        | Found a transporter.
     4 | D        | Found an opulent altar of Gozag.
     4 | D        | Found an ancient bone altar of Kikubaaqudgha.
     4 | D        | Found a corrupted altar of Lugonu.
    12 | D        | Found a burning altar of Makhleb.
    13 | D        | Found a stormy altar of Qazlal.
    13 | D        | Found a sacrificial altar of Ru.
    13 | D        | Found an iron altar of Okawaru.
    13 | D        | Found a deep blue altar of Sif Muna.
    13 | D        | Found a sparkling altar of Nemelex Xobeh.
    13 | D        | Found a bloodstained altar of Trog.
    76 | D        | Entered arena 2.
    76 | D        | Noticed a toenail golem
    76 | D        | Noticed a toenail golem
    76 | D        | Found a transporter.
    83 | D        | Killed a toenail golem
    83 | D        | Reached skill level 10 in Fighting
    83 | D        | Reached XP level 2. HP: 38/38 MP: 1/1
    83 | D        | Reached XP level 3. HP: 45/45 MP: 2/2
    83 | D        | Reached XP level 4. HP: 51/51 MP: 3/3
    83 | D        | Reached XP level 5. HP: 58/58 MP: 4/4
    83 | D        | Reached XP level 6. HP: 66/66 MP: 5/5
    88 | D        | Killed a toenail golem
    88 | D        | Reached skill level 11 in Fighting
    88 | D        | Reached skill level 5 in Polearms
    88 | D        | Reached skill level 5 in Dodging
    88 | D        | Reached XP level 7. HP: 71/75 MP: 6/6
   195 | D        | Reached ** piety under Trog
   224 | D        | Entered arena 3.
   224 | D        | Noticed a spriggan
   224 | D        | Found a transporter.
   227 | D        | Reached skill level 12 in Fighting
   229 | D        | Killed a spriggan
   229 | D        | Reached *** piety under Trog
   250 | D        | Got the cursed +3 broad axe of Moderation {flame, Int+4 Dex+3}
   259 | D        | Entered arena 4.
   259 | D        | Noticed a troll
   259 | D        | Noticed a two-headed ogre
   259 | D        | Noticed a cyclops
   259 | D        | Found a transporter.
   263 | D        | Reached XP level 8. HP: 65/85 MP: 7/7
   266 | D        | Killed a two-headed ogre
   266 | D        | Reached skill level 13 in Fighting
   270 | D        | Killed a cyclops
   270 | D        | Reached **** piety under Trog
   270 | D        | Reached skill level 14 in Fighting
   270 | D        | Reached skill level 10 in Armour
   270 | D        | Reached XP level 9. HP: 15/95 MP: 8/8
   271 | D        | Slain by a troll

Skill      XL: |  1  2  3  4  5  6  7  8 |
---------------+-------------------------+-----
Fighting       | 10 11 12 14 | 14.1
Axes           | 9 11 13 | 13.2
Polearms       | 4 5 7 9 |  9.3
Armour         | 6 7 8 10 | 10.1
Dodging        | 4 5 6 |  6.4

Action                   |  1- 3 |  4- 6 |  7- 9 || total
-------------------------+-------+-------+-------++-------
Melee: Demon trident     |     6 |     5 |     9 ||    20
       Headbutt          |     3 |     2 |       ||     5
       Broad axe         |       |       |     6 ||     6
Invok: Berserk           |     1 |       |     1 ||     2
       Burn Spellbooks   |       |       |     1 ||     1
  Use: Scroll            |       |       |     1 ||     1
Armor: Shadow dragon sca |     3 |     2 |       ||     5
       Chain mail        |       |       |    11 ||    11
Dodge: Dodged            |       |     1 |    12 ||    13
